Workbook

Sheet 报价单
A1: 凯帆弹簧招标谈判报价单
A2: 序号 | B2: 标记 | C2: 物料长代码 | D2: 物料名称 | E2: 规格型号 | F2: 单位 | G2: 2012年用量 | H2: 含税单价（元） | I2: 安全库存 | J2: 包装需求
J3: 内包装需求
A4: 1 | B4: KFC2 | C4: 8.281.001.00 | D4: 弹簧 | E4: KFC2-63 | F4: 件 | G4: 15400 | I4: =VLOOKUP(C4,[1]安全库存数量!$A$2:$E$127,5,0) -> 1200 | J4: =VLOOKUP(C4,[2]Sheet1!$B$2:$H$203,7,0) -> 200/袋
A5: 2 | B5: KFC2 | C5: 8.281.002.00 | D5: 弹簧 | E5: KFC2-63 | F5: 件 | G5: 2800 | I5: =VLOOKUP(C5,[1]安全库存数量!$A$2:$E$127,5,0) -> 600 | J5: =VLOOKUP(C5,[2]Sheet1!$B$2:$H$203,7,0) -> 100/袋
A6: 3 | B6: KFC2 | C6: 8.281.003.00 | D6: 弹簧 | E6: KFC2-12/25 | F6: 件 | G6: 26000 | I6: =VLOOKUP(C6,[1]安全库存数量!$A$2:$E$127,5,0) -> 3000 | J6: =VLOOKUP(C6,[2]Sheet1!$B$2:$H$203,7,0) -> 200/袋
A7: 4 | B7: KFC2 | C7: 8.281.004.00 | D7: 弹簧 | E7: KFC2-12/25 | F7: 件 | G7: 14500 | I7: =VLOOKUP(C7,[1]安全库存数量!$A$2:$E$127,5,0) -> 1600 | J7: =VLOOKUP(C7,[2]Sheet1!$B$2:$H$203,7,0) -> 100/袋
A8: 5 | B8: KFC2 | C8: 8.281.006.00 | D8: 弹簧 | E8: KFC2-25 | F8: 件 | G8: 14600 | I8: =VLOOKUP(C8,[1]安全库存数量!$A$2:$E$127,5,0) -> 2000 | J8: =VLOOKUP(C8,[2]Sheet1!$B$2:$H$203,7,0) -> 200/袋
A9: 6 | B9: KFC2 | C9: 8.281.007.00 | D9: 弹簧 | E9: KFC2-25 | F9: 件 | G9: 5000 | I9: =VLOOKUP(C9,[1]安全库存数量!$A$2:$E$127,5,0) -> 800 | J9: =VLOOKUP(C9,[2]Sheet1!$B$2:$H$203,7,0) -> 100/袋
A10: 7 | B10: KFC2 | C10: 8.281.008.00 | D10: 弹簧 | E10: KFC2-CA3(KFC2) | F10: 件 | G10: 50000 | I10: =VLOOKUP(C10,[1]安全库存数量!$A$2:$E$127,5,0) -> 5000 | J10: =VLOOKUP(C10,[2]Sheet1!$B$2:$H$203,7,0) -> 200/袋
A11: 8 | B11: KFC2 | C11: 8.281.012.00 | D11: 弹簧 | E11: KFC2-95 | F11: 件 | G11: 6900 | I11: =VLOOKUP(C11,[1]安全库存数量!$A$2:$E$127,5,0) -> 800 | J11: =VLOOKUP(C11,[2]Sheet1!$B$2:$H$203,7,0) -> 200/袋
A12: 9 | B12: KFC2 | C12: 8.281.013.00 | D12: 弹簧 | E12: KFC2-95 | F12: 件 | G12: 1500 | I12: =VLOOKUP(C12,[1]安全库存数量!$A$2:$E$127,5,0) -> 400 | J12: =VLOOKUP(C12,[2]Sheet1!$B$2:$H$203,7,0) -> 100/袋
A13: 10 | B13: KFC2 | C13: 8.281.015.00 | D13: 弹簧 | E13: KFC2-CA3(KFC2) | F13: 件 | G13: 63000 | I13: =VLOOKUP(C13,[1]安全库存数量!$A$2:$E$127,5,0) -> 5000 | J13: =VLOOKUP(C13,[2]Sheet1!$B$2:$H$203,7,0) -> 200/袋
A14: 11 | B14: KFC2 | C14: 8.281.018.00 | D14: 弹簧 | E14: KFC2-CA4(KFC2) | F14: 件 | G14: 8200 | I14: =VLOOKUP(C14,[1]安全库存数量!$A$2:$E$127,5,0) -> 1000 | J14: =VLOOKUP(C14,[2]Sheet1!$B$2:$H$203,7,0) -> 200/袋
A15: 12 | B15: KFC2 | C15: 8.281.019.00 | D15: 弹簧 | E15: KFC2-CA5(KFC2) | F15: 件 | G15: 18200 | I15: =VLOOKUP(C15,[1]安全库存数量!$A$2:$E$127,5,0) -> 2000 | J15: =VLOOKUP(C15,[2]Sheet1!$B$2:$H$203,7,0) -> 200/袋
... A45: 42 | B45: KFW2-1600 | C45: 8.282.020.00 | D45: 弹簧 | E45: KFW2-1600 | F45: 件 | G45: 6000 | I45: =VLOOKUP(C45,[1]安全库存数量!$A$2:$E$127,5,0) -> 800 | J45: =VLOOKUP(C45,[2]Sheet1!$B$2:$H$203,7,0) -> 200/袋
A46: 43 | B46: KFM3 | C46: 8.282.076.00 | D46: 弹簧 | E46: KFM3-2(KFM3-250) | F46: 件 | G46: 2300 | J46: =VLOOKUP(C46,[2]Sheet1!$B$2:$H$203,7,0) -> 200/袋
A47: 44 | B47: KFM3 | C47: 8.282.078.00 | D47: 弹簧 | E47: KFM3-2(KFM3-250) | F47: 件 | G47: 1000 | J47: =VLOOKUP(C47,[2]Sheet1!$B$2:$H$203,7,0) -> 200/袋
A48: 45 | B48: KFM3 | C48: 8.282.080.00 | D48: 弹簧 | E48: KFM3-2(KFM3-250) | F48: 件 | G48: 1000 | J48: =VLOOKUP(C48,[2]Sheet1!$B$2:$H$203,7,0) -> 200/袋
A49: 46 | B49: KFM3 | C49: 8.282.083.00 | D49: 弹簧 | E49: KFM3-3(KFM3-630) | F49: 件 | G49: 1000 | J49: =VLOOKUP(C49,[2]Sheet1!$B$2:$H$203,7,0) -> 200/袋
A50: 47 | B50: KFW2-3200 | C50: 8.288.004.00 | D50: 弹簧 | E50: KFW2-3200 | F50: 件 | G50: 208000 | I50: =VLOOKUP(C50,[1]安全库存数量!$A$2:$E$127,5,0) -> 16000 | J50: =VLOOKUP(C50,[2]Sheet1!$B$2:$H$203,7,0) -> 500/袋
A51: 48 | B51: KFW2-3200 | C51: 8.288.005.00 | D51: 弹簧 | E51: KFW2-3200 | F51: 件 | G51: 20000 | I51: =VLOOKUP(C51,[1]安全库存数量!$A$2:$E$127,5,0) -> 1600 | J51: =VLOOKUP(C51,[2]Sheet1!$B$2:$H$203,7,0) -> 200/袋
A52: 49 | B52: KFM2 | C52: 8.288.018.00 | D52: 弹簧 | E52: KM2-250 | F52: 件 | G52: 82000 | I52: =VLOOKUP(C52,[1]安全库存数量!$A$2:$E$127,5,0) -> 8000 | J52: =VLOOKUP(C52,[2]Sheet1!$B$2:$H$203,7,0) -> 200/袋
A53: 50 | B53: KFM2 | C53: 8.288.019.00 | D53: 弹簧 | E53: KM2-250 | F53: 件 | G53: 41000 | I53: =VLOOKUP(C53,[1]安全库存数量!$A$2:$E$127,5,0) -> 4000 | J53: =VLOOKUP(C53,[2]Sheet1!$B$2:$H$203,7,0) -> 200/袋
A54: 51 | B54: KFM2 | C54: 8.288.020.00 | D54: 弹簧 | E54: KFM2-250 | F54: 件 | G54: 43000 | I54: =VLOOKUP(C54,[1]安全库存数量!$A$2:$E$127,5,0) -> 4000 | J54: =VLOOKUP(C54,[2]Sheet1!$B$2:$H$203,7,0) -> 200/袋
A55: 52 | B55: KFM2 | C55: 8.288.023.00 | D55: 弹簧 | E55: KFM2-250 | F55: 件 | G55: 25400 | I55: =VLOOKUP(C55,[1]安全库存数量!$A$2:$E$127,5,0) -> 2400 | J55: =VLOOKUP(C55,[2]Sheet1!$B$2:$H$203,7,0) -> 200/袋
A56: 53 | B56: KFM2 | C56: 8.288.024.00 | D56: 弹簧 | E56: KFM2-250 | F56: 件 | G56: 12400 | I56: =VLOOKUP(C56,[1]安全库存数量!$A$2:$E$127,5,0) -> 1600 | J56: =VLOOKUP(C56,[2]Sheet1!$B$2:$H$203,7,0) -> 200/袋
A57: 54 | B57: KFM2 | C57: 8.288.025.00 | D57: 弹簧 | E57: KFM2-250 | F57: 件 | G57: 5000 | I57: =VLOOKUP(C57,[1]安全库存数量!$A$2:$E$127,5,0) -> 600 | J57: =VLOOKUP(C57,[2]Sheet1!$B$2:$H$203,7,0) -> 200/袋
A58: 55 | B58: KFM2 | C58: 8.288.026.00 | D58: 弹簧 | E58: KFM2-250 | F58: 件 | G58: 21400 | I58: =VLOOKUP(C58,[1]安全库存数量!$A$2:$E$127,5,0) -> 2000 | J58: =VLOOKUP(C58,[2]Sheet1!$B$2:$H$203,7,0) -> 200/袋
A59: 56 | B59: KFM2 | C59: 8.288.028.00 | D59: 弹簧 | E59: KFM2-250 | F59: 件 | G59: 15000 | I59: =VLOOKUP(C59,[1]安全库存数量!$A$2:$E$127,5,0) -> 1800 | J59: =VLOOKUP(C59,[2]Sheet1!$B$2:$H$203,7,0) -> 200/袋
A60: 57 | B60: KFM2 | C60: 8.288.038.00 | D60: 弹簧 | E60: KFM2-250 | F60: 件 | G60: 92000 | I60: =VLOOKUP(C60,[1]安全库存数量!$A$2:$E$127,5,0) -> 9000 | J60: =VLOOKUP(C60,[2]Sheet1!$B$2:$H$203,7,0) -> 200/袋
A61: 58 | B61: KFM2 | C61: 8.288.039.00 | D61: 弹簧 | E61: KFM2-250 | F61: 件 | G61: 95000 | I61: =VLOOKUP(C61,[1]安全库存数量!$A$2:$E$127,5,0) -> 9000 | J61: =VLOOKUP(C61,[2]Sheet1!$B$2:$H$203,7,0) -> 200/袋
... A88: 85 | B88: KFM2 | C88: 8.288.091.00 | D88: 弹簧 | E88: KFM2-100 | F88: 件 | G88: 24500 | I88: =VLOOKUP(C88,[1]安全库存数量!$A$2:$E$127,5,0) -> 5000 | J88: =VLOOKUP(C88,[2]Sheet1!$B$2:$H$203,7,0) -> 200/袋
A89: 86 | B89: KFW2-3200 | C89: 8.288.095.00 | D89: 弹簧 | E89: KFW2-6300 | F89: 件 | G89: 800
A90: 87 | B90: KFM2 | C90: 8.288.103.00 | D90: 弹簧 | E90: KFM2Z-400 | F90: 件 | G90: 1800 | I90: =VLOOKUP(C90,[1]安全库存数量!$A$2:$E$127,5,0) -> 400 | J90: =VLOOKUP(C90,[2]Sheet1!$B$2:$H$203,7,0) -> 200/袋
A91: 88 | B91: KFW2-3200 | C91: 8.288.113.00 | D91: 弹簧 | E91: KFW2-3200 | F91: 件 | G91: 2000 | I91: =VLOOKUP(C91,[1]安全库存数量!$A$2:$E$127,5,0) -> 200 | J91: =VLOOKUP(C91,[2]Sheet1!$B$2:$H$203,7,0) -> 100/袋
A92: 89 | B92: KFM2 | C92: 8.288.114.00 | D92: 弹簧 | E92: KFM2E-100 | F92: 件 | G92: 20000 | I92: =VLOOKUP(C92,[1]安全库存数量!$A$2:$E$127,5,0) -> 2400 | J92: =VLOOKUP(C92,[2]Sheet1!$B$2:$H$203,7,0) -> 200/袋
A93: 90 | B93: KFW2-1600 | C93: 8.288.117.00 | D93: 弹簧 | E93: KFW2-1600 | F93: 件 | G93: 3000 | I93: =VLOOKUP(C93,[1]安全库存数量!$A$2:$E$127,5,0) -> 400 | J93: =VLOOKUP(C93,[2]Sheet1!$B$2:$H$203,7,0) -> 100/袋
A94: 91 | B94: KFQ2 | C94: 8.288.148.00 | D94: 弹簧 | E94: KFQ2 | F94: 件 | G94: 1000 | I94: =VLOOKUP(C94,[1]安全库存数量!$A$2:$E$127,5,0) -> 200 | J94: =VLOOKUP(C94,[2]Sheet1!$B$2:$H$203,7,0) -> 200/袋
A95: 92 | B95: KFM3 | C95: 8.288.149.00 | D95: 弹簧 | E95: KFM3-3(KFM3-630) | F95: 件 | G95: 1000 | J95: =VLOOKUP(C95,[2]Sheet1!$B$2:$H$203,7,0) -> 50/袋
A96: 93 | B96: KFM3 | C96: 8.288.150.00 | D96: 弹簧 | E96: KFM3-3(KFM3-630) | F96: 件 | G96: 1000 | J96: =VLOOKUP(C96,[2]Sheet1!$B$2:$H$203,7,0) -> 200/袋
A97: 94 | B97: KFM3 | C97: 8.288.151.00 | D97: 弹簧 | E97: KFM3-3(KFM3-630) | F97: 件 | G97: 500 | J97: =VLOOKUP(C97,[2]Sheet1!$B$2:$H$203,7,0) -> 100/袋
A98: 95 | B98: KFM3 | C98: 8.288.152.00 | D98: 弹簧 | E98: KFM3-3(KFM3-630) | F98: 件 | G98: 1000 | J98: =VLOOKUP(C98,[2]Sheet1!$B$2:$H$203,7,0) -> 200/袋
A99: 96 | B99: KFW2-1600 | C99: 8.288.154.00 | D99: 弹簧 | E99: KFW2-1600 | F99: 件 | G99: 3500 | I99: =VLOOKUP(C99,[1]安全库存数量!$A$2:$E$127,5,0) -> 600 | J99: =VLOOKUP(C99,[2]Sheet1!$B$2:$H$203,7,0) -> 200/袋
A100: 97 | B100: KFW2-1600 | C100: 8.288.155.00 | D100: 弹簧 | E100: KFW2-1600 | F100: 件 | G100: 7750 | I100: =VLOOKUP(C100,[1]安全库存数量!$A$2:$E$127,5,0) -> 800 | J100: =VLOOKUP(C100,[2]Sheet1!$B$2:$H$203,7,0) -> 200/袋
A101: 98 | B101: KFM3 | C101: 8.288.157.00 | D101: 弹簧 | E101: KFM3-1(KFM3-125) | F101: 件 | G101: 10000 | J101: =VLOOKUP(C101,[2]Sheet1!$B$2:$H$203,7,0) -> 200/袋
A102: 99 | B102: KFW2-3200 | C102: 8.288.160.00 | D102: 弹簧 | E102: KFW2-3200 | F102: 件 | G102: 1500 | I102: =VLOOKUP(C102,[1]安全库存数量!$A$2:$E$127,5,0) -> 200 | J102: =VLOOKUP(C102,[2]Sheet1!$B$2:$H$203,7,0) -> 200/袋
A103: 100 | B103: KFM3 | C103: 8.288.166.00 | D103: 弹簧 | E103: KFM3-2(KFM3-250) | F103: 件 | G103: 1600 | J103: =VLOOKUP(C103,[2]Sheet1!$B$2:$H$203,7,0) -> 50/袋
A104: 101 | B104: KFM3 | C104: 8.288.167.00 | D104: 弹簧 | E104: KFM3-2(KFM3-250) | F104: 件 | G104: 1000 | J104: =VLOOKUP(C104,[2]Sheet1!$B$2:$H$203,7,0) -> 50/袋
A105: 102 | B105: KFM2 | C105: 8.288.168.00 | D105: 弹簧 | E105: KFM2-63 | F105: 件 | G105: 9900 | I105: =VLOOKUP(C105,[1]安全库存数量!$A$2:$E$127,5,0) -> 1600 | J105: =VLOOKUP(C105,[2]Sheet1!$B$2:$H$203,7,0) -> 200/袋
A106: 103 | B106: KFM3 | C106: 8.288.170.00 | D106: 弹簧 | E106: KFM3-2(KFM3-250) | F106: 件 | G106: 7000 | J106: =VLOOKUP(C106,[2]Sheet1!$B$2:$H$203,7,0) -> 200/袋
A107: 104 | B107: KFW2-1600 | C107: 8.288.171.00 | D107: 弹簧 | E107: KFW2-1600 | F107: 件 | G107: 15100 | I107: =VLOOKUP(C107,[1]安全库存数量!$A$2:$E$127,5,0) -> 1600 | J107: =VLOOKUP(C107,[2]Sheet1!$B$2:$H$203,7,0) -> 200/袋
A108: 105 | B108: KFM2 | C108: 8.288.172.00 | D108: 弹簧 | E108: KFM2-63 | F108: 件 | G108: 20200 | I108: =VLOOKUP(C108,[1]安全库存数量!$A$2:$E$127,5,0) -> 2000 | J108: =VLOOKUP(C108,[2]Sheet1!$B$2:$H$203,7,0) -> 200/袋
A109: 106 | B109: KFM2 | C109: 8.288.173.00 | D109: 弹簧 | E109: KFM2-63 | F109: 件 | G109: 5400 | I109: =VLOOKUP(C109,[1]安全库存数量!$A$2:$E$127,5,0) -> 1000 | J109: =VLOOKUP(C109,[2]Sheet1!$B$2:$H$203,7,0) -> 200/袋
A110: 107 | B110: KFW2-1600 | C110: 8.288.174.00 | D110: 弹簧 | E110: KFW2-1600 | F110: 件 | G110: 1000 | I110: =VLOOKUP(C110,[1]安全库存数量!$A$2:$E$127,5,0) -> 100 | J110: =VLOOKUP(C110,[2]Sheet1!$B$2:$H$203,7,0) -> 100/袋
A111: 108 | B111: KFW2-3200 | C111: 8.288.175.00 | D111: 弹簧(带滚子) | E111: KFW2-3200 | F111: 件 | G111: 30000 | I111: =VLOOKUP(C111,[1]安全库存数量!$A$2:$E$127,5,0) -> 3000 | J111: =VLOOKUP(C111,[2]Sheet1!$B$2:$H$203,7,0) -> 100/袋
A112: 109 | B112: KFM3 | C112: 8.288.238.00 | D112: 弹簧 | E112: KFM3-2(KFM3-250) | F112: 件 | G112: 1000 | J112: =VLOOKUP(C112,[2]Sheet1!$B$2:$H$203,7,0) -> 200/袋
A113: 110 | B113: KFM3 | C113: 8.288.246.00 | D113: 弹簧 | E113: KFM3-3(KFM3-630) | F113: 件 | G113: 5500 | J113: =VLOOKUP(C113,[2]Sheet1!$B$2:$H$203,7,0) -> 200/袋
A114: 111 | B114: KFM3 | C114: 8.288.247.00 | D114: 弹簧 | E114: KFM3-3(KFM3-630) | F114: 件 | G114: 1000 | J114: =VLOOKUP(C114,[2]Sheet1!$B$2:$H$203,7,0) -> 200/袋
A115: 112 | B115: KFM3 | C115: 8.288.297.00 | D115: 弹簧 | E115: KFM3-2(KFM3-250) | F115: 件 | G115: 1000 | J115: =VLOOKUP(C115,[2]Sheet1!$B$2:$H$203,7,0) -> 200/袋
A116: 113 | B116: KFM2 | C116: 8.288.306.00 | D116: 弹簧 | E116: KFM2E-800 | F116: 件 | G116: 5000 | I116: =VLOOKUP(C116,[1]安全库存数量!$A$2:$E$127,5,0) -> 400 | J116: =VLOOKUP(C116,[2]Sheet1!$B$2:$H$203,7,0) -> 200/袋
A117: 114 | B117: KFC2 | C117: 8.289.001.00 | D117: 弹簧 | E117: KFC2-63 | F117: 件 | G117: 2000 | I117: =VLOOKUP(C117,[1]安全库存数量!$A$2:$E$127,5,0) -> 400 | J117: =VLOOKUP(C117,[2]Sheet1!$B$2:$H$203,7,0) -> 100/袋
A118: 115 | B118: KFC2 | C118: 8.289.002.00 | D118: 弹簧 | E118: KFC2-6.3 | F118: 件 | G118: 1000 | I118: =VLOOKUP(C118,[1]安全库存数量!$A$2:$E$127,5,0) -> 200 | J118: =VLOOKUP(C118,[2]Sheet1!$B$2:$H$203,7,0) -> 100/袋
A119: 116 | B119: KFM2 | C119: 8.288.146.00 | D119: 弹簧 | E119: KFM2-250 | F119: 件 | G119: 142000 | I119: =VLOOKUP(C119,[1]安全库存数量!$A$2:$E$127,5,0) -> 12000 | J119: =VLOOKUP(C119,[2]Sheet1!$B$2:$H$203,7,0) -> 200/袋
A120: 117 | C120: 5.288.001.00 | D120: 弹簧 | E120: KFW2-3200 In=2500A | F120: 件 | G120: 64000 | I120: =VLOOKUP(C120,[1]安全库存数量!$A$2:$E$127,5,0) -> 8000 | J120: =VLOOKUP(C120,[2]Sheet1!$B$2:$H$203,7,0) -> 100/袋
A121: 118 | C121: 5.288.002.00 | D121: 弹簧 | E121: KFW2-3200 In=3200A | F121: 件 | G121: 73700 | I121: =VLOOKUP(C121,[1]安全库存数量!$A$2:$E$127,5,0) -> 9000 | J121: =VLOOKUP(C121,[2]Sheet1!$B$2:$H$203,7,0) -> 100/袋
A122: 来料标识要求：小包装需有明显标识（物料名称、物料编码、数量、出厂日期），贴在小包装物正面中间位置;外包装箱需有装箱单(客户名称、 物料名称、物料编码、规格型号、数量、检验、出厂日期），贴在外包装箱侧面左上角位置；内包装袋厚应大于0.8mm，外包装采用370*300*280纸箱包装；
A123: 检测标准：符合图纸
A124: 付款方式：发票入账后三个月付款；
A125: 交货期：安全库存内3个工作日交换，超出安全库存12个工作日交货；
E129: 供应商名称：
E130: 联系人：
E131: 日期：
